 Dungeon Crawl Stone Soup version 0.23.2-1-ga50397a (webtiles) character file.

Game seed: 7971065546482965278

697 ohad the Changer (level 7, -2/51 HPs)
             Began as an Octopode Transmuter on May 13, 2019.
             Engulfed by a cloud of steam (16 damage)
             ... on level 5 of the Dungeon.
             The game lasted 00:12:10 (4469 turns).

ohad the Changer (Octopode Transmuter)              Turns: 4469, Time: 00:12:10

Health: -2/51      AC:  6    Str: 10    XL:     7   Next: 65%
Magic:  12/13      EV: 14    Int: 17    God:
Gold:   199        SH:  0    Dex: 12    Spells: 4/14 levels left

rFire    x . .     SeeInvis .     - Unarmed
rCold    + + +     Gourm    .   (shield currently unavailable)
rNeg     . . .     Faith    .   (helmet currently unavailable)
rPois    +         Spirit   .   (no amulet)
rElec    .         Reflect  .   f - +4 ring of evasion
rCorr    .         Harm     .   m - ring of protection from magic
MR       +....                  (no ring)
Stlth    +.........             (no ring)
HPRegen  0.17/turn              (no ring)
MPRegen  0.13/turn              (no ring)
                                (no ring)
                                (no ring)

@: ice-form (expiring)
A: large, almost no armour, stealthy swim, amphibious, 8 rings, (constrict 8)
a: End Transformation


You were on level 5 of the Dungeon.
You were not hungry.
You were a creature of crystalline ice.
You visited 1 branch of the dungeon, and saw 5 of its levels.

You collected 199 gold pieces.

Inventory:

Missiles
 a - 43 arrows
Jewellery
 f - a +4 ring of evasion (left front paw)
 m - a ring of protection from magic (right front paw)
Wands
 b - a wand of random effects (17)
Scrolls
 d - 9 scrolls of identify {unknown}
 e - 3 scrolls of fog {unknown}
 g - a scroll of blinking {unknown}
 h - 3 scrolls of enchant weapon {unknown}
 l - 2 scrolls of remove curse {unknown}
 p - a scroll of magic mapping {unknown}
Potions
 i - 2 potions of might {unknown}
 j - a potion of degeneration {unknown}
 k - 2 potions of flight {unknown}
 n - 4 potions of heal wounds
 o - 3 potions of brilliance {unknown}
 q - a potion of lignification {unknown}
 r - 2 potions of curing {unknown}
 s - a potion of resistance {unknown}
Comestibles
 c - 7 rations
 t - a chunk of flesh


   Skills:
 - Level 1.0 Fighting
 - Level 2.0 Dodging
 - Level 3.0 Unarmed Combat
 - Level 4.4 Spellcasting
 + Level 6.0 Transmutations
 - Level 3.3 Ice Magic


You had 4 spell levels left.
You knew the following spells:

 Your Spells              Type           Power        Failure   Level  Hunger
a - Beastly Appendage     Tmut           ###...       1%          1    None
b - Sticks to Snakes      Tmut           ###.....     1%          2    ##.....
c - Spider Form           Tmut/Pois      ##........   13%         3    ###....
d - Ice Form              Ice/Tmut       ###.....     22%         4    ####...

Your spell library contained the following spells:

 Spells                   Type           Power        Failure   Level  Hunger
 Magic Dart               Conj           #...         16%         1    None
 Blink                    Tloc           N/A          22%         2    ##.....
 Call Imp                 Summ           #.......     22%         2    ##.....
 Slow                     Hex            #.......     22%         2    ##.....
 Conjure Flame            Conj/Fire      #.......     41%         3    ###....
 Mephitic Cloud           Conj/Pois/Air  #.......     41%         3    ###....
 Blade Hands              Tmut           ###.......   34%         5    ######.


Dungeon Overview and Level Annotations

Branches:
Dungeon (5/15)
 Temple: D:4-7

Altars:
Cheibriados
Elyvilon
Makhleb
Wu Jian

Annotations:
D:3 Grinder


Innate Abilities, Weirdness & Mutations

You cannot wear most types of armour.
You are very stealthy in the water. (Stealth+)
You are amphibious.
You can wear up to eight rings at the same time.
((You can use your tentacles to constrict eight enemies at once.))
((Your skin changes colour to match your surroundings (Stealth+).))
((Your rubbery body absorbs attacks. (AC +1, EV +1)))


Message History

You hear a splash. x2
Your Transmutations skill increases to level 6!
You are engulfed in a cloud of scalding steam.
* * * LOW HITPOINT WARNING * * *
The orc closely misses you.
You punch the orc! You freeze the orc.
You kill the orc!
You are engulfed in a cloud of scalding steam.
Your transformation is almost over.
Things that are here:
a +0 flail; a +0 chain mail; an orc corpse Unknown command.
You butcher the orc corpse.
Some of the chunks of flesh in your inventory have rotted away.
Items here: % ) [ ÷ a +0 flail; a +0 chain mail; a chunk of flesh; an orc skeleton Eat one of 2 chunks of flesh? (ye/n/q)
You eat one of the 2 chunks of flesh.
This raw flesh tastes terrible.
You are engulfed in a cloud of scalding steam.
You die...

#.♣≈≈≈♣≈≈≈≈≈P≈≈≈........
#.# ♣≈≈≈≈≈≈≈≈≈♣P........
#.#♣♣≈≈♣≈≈≈≈≈≈≈≈........
#.#♣P≈♣≈≈≈♣≈≈≈♣♣........
#.#≈♣P≈P≈≈≈≈≈PP.........
#.##≈≈≈≈♣≈≈≈P♣≈.........
#.##≈≈♣≈≈≈≈♣♣≈≈........o
#.# ♣PP≈≈≈)§...........
#.#####♣♣♣≈♣Y...........
#.......≈≈♣.............
#######.................
#.................
#................
#########....... .....
.....


There were no monsters in sight!

Vanquished Creatures
  An ogre (D:5)
  A crimson imp (D:5)
  3 hounds
  4 orc wizards
  Crazy Yiuf (D:3)
  A centaur skeleton (D:4)
  3 orc priests
  2 worker ants (D:4)
  Robin (D:3)
  4 adders
  A shadow imp (D:5)
  An ooze (D:3)
  An adder skeleton (D:5)
  5 worms
  2 dart slugs
  3 leopard geckos
  14 orcs
  2 ball pythons
  7 bats
  4 giant cockroaches
  14 goblins
  8 hobgoblins
  3 jackals (D:2)
  3 quokkas
  4 frilled lizards
  9 kobolds
  8 rats
110 creatures vanquished.

Vanquished Creatures (collateral kills)
  An adder (D:2)
  A kobold (D:1)
2 creatures vanquished.

Grand Total: 112 creatures vanquished

Notes
Turn   | Place    | Note
-------+----------+-------------------------------------------
     0 | D:1      | ohad the Octopode Transmuter began the quest for the Orb.
     0 | D:1      | Reached XP level 1. HP: 13/13 MP: 3/3
   208 | D:1      | Reached XP level 2. HP: 14/18 MP: 5/5
   212 | D:1      | Learned a level 2 spell: Sticks to Snakes
   341 | D:1      | Reached skill level 3 in Transmutations
   532 | D:1      | Reached XP level 3. HP: 8/23 MP: 6/6
   749 | D:1      | Learned a level 3 spell: Spider Form
  1313 | D:2      | Reached skill level 4 in Transmutations
  1431 | D:2      | Reached XP level 4. HP: 21/28 MP: 1/7
  1589 | D:2      | Found a burning altar of Makhleb.
  2109 | D:2      | Found a white marble altar of Elyvilon.
  2295 | D:2      | Reached XP level 5. HP: 33/33 MP: 6/8
  2366 | D:3      | Learned a level 4 spell: Ice Form
  2482 | D:3      | Noticed Robin
  2535 | D:3      | Killed Robin
  2535 | D:3      | Reached skill level 1 in Ice Magic
  2632 | D:3      | Found a runed translucent door.
  2633 | D:3      | Noticed Crazy Yiuf
  2795 | D:3      | Noticed Grinder
  2912 | D:3      | Reached XP level 6. HP: 38/38 MP: 5/10
  3033 | D:3      | Found a snail-covered altar of Cheibriados.
  3166 | D:3      | Killed Crazy Yiuf
  3793 | D:5      | Entered Level 5 of the Dungeon
  3799 | D:5      | HP: 2/45 [hound (3)]
  4040 | D:5      | Found an ornate altar of the Wu Jian Council.
  4058 | D:5      | Reached XP level 7. HP: 43/43 MP: 8/13
  4375 | D:5      | Reached skill level 5 in Transmutations
  4465 | D:5      | Reached skill level 6 in Transmutations
  4469 | D:5      | Engulfed by a cloud of steam

Skill      XL: |  1  2  3  4  5  6  7 |
---------------+----------------------+-----
Transmutations | 3 4 6 |  6.0
Spellcasting   | 3 4 |  4.4
Ice Magic      | 1 3 |  3.3
Fighting       | |  1.0
Dodging        | |  2.0
Unarmed Combat | |  3.0

Action                   |  1- 3 |  4- 6 |  7- 9 || total
-------------------------+-------+-------+-------++-------
Melee: Unarmed           |    79 |   168 |    42 ||   289
       Constrict         |    20 |     6 |     1 ||    27
       Kick              |    17 |     1 |       ||    18
       Tentacles         |     9 |     4 |     1 ||    14
       Punch             |     1 |     2 |       ||     3
 Cast: Beastly Appendage |    15 |     3 |       ||    18
       Sticks to Snakes  |     5 |     5 |       ||    10
       Spider Form       |     1 |    16 |     1 ||    18
       Ice Form          |       |     5 |     3 ||     8
  Use: Potion            |       |     2 |       ||     2
 Stab: Sleeping          |     1 |     3 |       ||     4
       Distracted        |     1 |       |       ||     1
  Eat: Chunk             |     2 |    11 |     4 ||    17
Armor: Skin              |    13 |    12 |     6 ||    31
Dodge: Dodged            |    82 |   155 |    19 ||   256
